 Dungeon Crawl Stone Soup version 0.31-a0-240-gb923e448b6 (webtiles) character file.

Game seed: 8852039783406280423

91 Nattfarinn the Changeling (level 4, 0/19 HPs)
             Began as an Octopode Shapeshifter on July 12, 2023.
             Slain by a goblin
             ... wielding a +0 club
             ... led by Robin
              (3 damage)
             ... on level 2 of the Dungeon.
             The game lasted 00:03:05 (1535 turns).

Nattfarinn the Changeling (Octopode Shapeshifter)   Turns: 1535, Time: 00:03:06

Health: 0/19       AC:  8    Str: 21    XL:     4   Next: 57%
Magic:  4/4        EV: 15    Int: 10    God:
Gold:   190        SH:  0    Dex: 12    Spells: 3/3 levels left

rFire   . .          .
                       - Unarmed
rCold   . . .        (shield currently unavailable)
rNeg    . . .        (helmet currently unavailable)
rPois   .            (no amulet)
rElec   .            d - +5 ring of evasion
rCorr   .            (no ring)
SInv    .            (no ring)
Will    .....        (no ring)
Stlth   +            (no ring)
HPRegen 0.23/turn    (no ring)
MPRegen 0.09/turn    (no ring)
                     (no ring)

%: no passive effects
@: snake-form
A: constrict, reduced hp, almost no armour, amphibious, 8 rings, large,
(camouflage 1), (gelatinous body 1), (nimble swimmer 1), (tentacles)
a: no special abilities


You were on level 2 of the Dungeon.
You were an enormous anaconda.
You visited 1 branch of the dungeon, and saw 3 of its levels.

You collected 190 gold pieces.

Inventory:

Jewellery
 d - a +5 ring of evasion (left tentacle)
 j - a ring of ice
Talismans
 b - a beast talisman
 g - a serpent talisman
 l - a blade talisman
Scrolls
 c - a scroll of immolation {unknown}
 f - 3 scrolls of identify {unknown}
 i - a scroll of fog {unknown}
 k - a scroll of enchant armour {unknown}
Potions
 a - a potion of lignification
 e - 2 potions of curing {unknown}
 h - a potion of heal wounds {unknown}


   Skills:
 - Level 2.0 Fighting
 - Level 2.0 Dodging
 - Level 2.0 Unarmed Combat
 + Level 4.6 Shapeshifting


You had 3 spell levels left.
You didn't know any spells.
Your spell library contained the following spells:

 Spells                   Type           Power      Damage    Failure   Level
 Sting                    Tmut/Pois      0%         1d3       91%         1
 Poisonous Vapours        Pois/Air       0%         N/A       96%         2
 Olgreb's Toxic Radiance  Pois           0%         N/A       100%        4


Dungeon Overview and Level Annotations

Branches:
Dungeon (3/15)

Altars:


Innate Abilities, Weirdness & Mutations

You are an enormous anaconda.
You have a powerful constriction melee attack.
Your maximum health is decreased, since you lack skill for your form.
Your spellcasting is less reliable in this form.
Your armour is entirely melded.
You are incapable of wielding weapons or throwing items.
You cannot wear most types of armour.
You are amphibious.
You can wear up to eight rings at the same time.
((Your skin changes colour to match your surroundings (Stealth+).))
((Your rubbery body absorbs attacks. (AC +1, EV +1)))
((You are camouflaged when in or above water. (Stealth+)))
((You have tentacles for arms and can constrict up to eight enemies at once.))


Message History

The goblin hits you with a +0 club. The hobgoblin barely misses you.
There is a stone staircase leading up here.
You lash the hobgoblin!
You kill the hobgoblin!
The goblin hits you with a +0 club. The goblin misses you.
The goblin completely misses you. The goblin misses you.
The goblin hits you but does no damage. The hobgoblin barely misses you.
You barely miss the ball python. You grab the ball python.
You constrict the ball python. The ball python bites you.
The goblin closely misses you. The goblin hits you but does no damage.
The goblin misses you. The goblin hits you but does no damage.
The goblin hits you with a +0 club. The hobgoblin misses you.
You lash the ball python!
You kill the ball python!
The goblin barely misses you. The goblin misses you.
The goblin hits you but does no damage. The goblin closely misses you.
The goblin hits you but does no damage. The hobgoblin closely misses you.
You barely miss the goblin. Your grab misses the goblin.
The goblin hits you with a +0 club.
A frilled lizard comes into view.
The goblin barely misses you. The goblin hits you but does no damage.
The goblin hits you with a +0 dagger.
* * * LOW HITPOINT WARNING * * *
The goblin misses you.
The hobgoblin hits you but does no damage.
The goblin barely misses you. The goblin closely misses you.
The goblin barely misses you. The goblin closely misses you.
The goblin hits you but does no damage. The hobgoblin closely misses you.
The dart slug barely misses you.
You climb upwards.
There is a stone staircase leading down here.
Unknown command.
You barely miss the goblin. You grab the goblin. You constrict the goblin.
You kill the goblin!
The goblin hits you with a +0 club.
* * * LOW HITPOINT WARNING * * *
The goblin hits you but does no damage. The hobgoblin misses you.
Unknown command.
The goblin hits you with a +0 club.
You die...

#................# #.#
#................#####)#
#..........###...'.....######
#..........# #...#######.....
#..........# ###.......+.....
#..........# #.#######.....
#..........# ###.#######.....
#.........g###...).....'.....
#.........gwS..#.#######...[.
#...รท.....gg#..#.### ##....
######'#'#.g#......# #....
#.#.#..#..#.#.# #....
#.#.#..#....#.## #....
#...<..#..#....# #....
########.#..#....#..#####....
#...# #.#.......#.....##....
#...####.#.......+..##...)...


You could see a dart slug, a hobgoblin and 4 goblins.

Vanquished Creatures
  Robin (D:2)
  2 adders (D:2)
  3 worms (D:2)
  2 dart slugs (D:1)
  8 ball pythons
  4 endoplasms
  2 giant cockroaches
  8 goblins
  2 hobgoblins
  2 jackals (D:1)
  3 quokkas
  A bat (D:2)
  3 frilled lizards (D:1)
  5 kobolds
  5 rats
51 creatures vanquished.

Notes
Turn   | Place    | Note
-------+----------+-------------------------------------------
     0 | D:1      | Nattfarinn the Octopode Shapeshifter began the quest for
                  | the Orb.
     0 | D:1      | Reached XP level 1. HP: 14/14 MP: 1/1
   144 | D:1      | Reached XP level 2. HP: 13/19 MP: 2/2
   383 | D:1      | Reached XP level 3. HP: 22/24 MP: 3/3
   765 | D:2      | Reached skill level 4 in Shapeshifting
  1065 | D:2      | Reached XP level 4. HP: 29/29 MP: 4/4
  1463 | D:3      | Noticed Robin
  1494 | D:2      | Killed Robin
  1535 | D:2      | Slain by a goblin

Illustrated notes

Levels and vault maps discovered:
D:1:      zaba_arrival_water, layout_basic, reono_crystal_passage,
          chequers_serial_rivers_room_a, minmay_tetromino_s2
D:2:      layout_basic, minmay_fractal_squares_5
D:3:      layout_rooms, mainiacjoe_overflow_24_doors, uniq_robin, uniq_terence,
          uniq_grinder

Skill      XL: |  1  2  3 |
---------------+----------+-----
Shapeshifting  | 4 |  4.6
Fighting       | |  2.0
Dodging        | |  2.0
Unarmed Combat | |  2.0

Action                     |  1- 3 |  4- 6 || total
---------------------------+-------+-------++-------
  Melee: Unarmed           |    59 |    27 ||    86
         Constrict         |    19 |     9 ||    28
         Tentacles         |    13 |     4 ||    17
         Punch             |     2 |       ||     2
   Stab: Sleeping          |     3 |     2 ||     5
 Armour: Skin              |     4 |    12 ||    16
  Dodge: Dodged            |    67 |    40 ||   107
   Form: Anaconda          |       |     1 ||     1

Table legend: (Time is in decaauts)
 A = Elapsed time spent in this place.
 B = Non-inter-level travel time spent in this place.
 C = Inter-level travel time spent in this place.
 D = Time resting spent in this place.
 E = Time spent auto-exploring this place.
 F = Levels seen in this place.
 G = Mean time per level.
                   A        B        C        D        E       F      G
               +--------+--------+--------+--------+--------+-----+--------+
         Total |   1532 |   1415 |    117 |      0 |   1133 |   3 |  510.7 |
       Dungeon |   1532 |   1415 |    117 |      0 |   1133 |   3 |  510.7 |
               +--------+--------+--------+--------+--------+-----+--------+

Top non-repeatable levels by time:
     D:2: 780 daAuts
     D:1: 744 daAuts
     D:3: 8 daAuts
